 Dungeon Crawl Stone Soup version 0.28.0-53-g5a82cb258f (webtiles) character file.

Game seed: 11740097681072482996

122 DocClef the Chopper (level 4, -7/39 HPs)
             Began as a Minotaur Berserker on July 5, 2022.
             Was a Believer of Trog.
             Killed from afar by an orc wizard (9 damage)
             ... with a magic dart
             ... on level 4 of the Dungeon.
             The game lasted 00:02:15 (2316 turns).

DocClef the Chopper (Minotaur Berserker)            Turns: 2316, Time: 00:02:15

Health: -7/39      AC:  6    Str: 24    XL:     4   Next: 78%
Magic:  3/3        EV: 11    Int:  4    God:    Trog [**....]
Gold:   168        SH:  0    Dex:  9    Spells: 3/3 levels left

rFire   . . .      SeeInvis .   a - +0 hand axe
rCold   . . .      Faith    .   (no shield)
rNeg    . . .      Spirit   .   n - +2 leather armour {Will+}
rPois   .          Reflect  .   (helmet restricted)
rElec   .          Harm     .   k - +0 cloak
rCorr   +          Rampage  .   (no gloves)
Will    +....                   (no boots)
Stlth   +.........              (no amulet)
HPRegen 0.13/turn               m - ring of resist corrosion
MPRegen 0.08/turn               (no ring)

@: no status effects
A: horns 2, retaliatory headbutt
a: Renounce Religion, Berserk, Trog's Hand


You were on level 4 of the Dungeon.
You worshipped Trog.
Trog was pleased with you.
You visited 1 branch of the dungeon, and saw 4 of its levels.

You collected 168 gold pieces.

Inventory:

Hand Weapons
 a - a +0 hand axe (weapon)
Armour
 c - a +0 plate armour
 k - a +0 cloak (worn)
 n - a +2 leather armour of willpower (worn)
Jewellery
 i - a ring of magical power
 m - a ring of resist corrosion (left hand)
Scrolls
 b - 2 scrolls of blinking {unknown}
 f - 3 scrolls of identify {unknown}
 g - a scroll of enchant armour {unknown}
Potions
 d - 2 potions of degeneration {unknown}
 e - 2 potions of curing {unknown}
 h - a potion of haste {unknown}
 j - a potion of heal wounds {unknown}
 l - a potion of lignification {unknown}


   Skills:
 - Level 3.6 Fighting
 + Level 6.7 Axes
 - Level 2.4 Armour
 - Level 2.1 Dodging


You had 3 spell levels left.
You didn't know any spells.
Your spell library was empty.

Dungeon Overview and Level Annotations

Branches:
Dungeon (4/15)
 Temple: D:4-7

Altars:
Dithmenos


Innate Abilities, Weirdness & Mutations

You have a pair of horns on your head.
You reflexively headbutt those who attack you in melee.


Message History

Trog accepts your kill.
You hit something. Something hits you. Something hits you.
The orc hits you but does no damage.
Things that are here:
a +0 short sword; an orc corpse You closely miss the orc.
You headbutt the orc.
The orc is moderately wounded.
You barely miss something. Something hits you. The orc barely misses you.
You furiously retaliate!
You headbutt the orc!
You kill the orc!
Trog accepts your kill.
No target in view!
No target in view!
You barely miss something. Your headbutt misses something. Something hits you.
You slash something! Your headbutt misses something. Something hits you.
You miss something. Your headbutt misses something.
You hear some strange, mumbled words.
A magic dart appears from out of thin air!
The magic dart hits you!
You miss something. Something hits you but does no damage.
You miss something. Something hits you.
You hit something. Something hits you.
You hit something. Something hits you.
You miss something. Something hits you.
* * * LOW HITPOINT WARNING * * *
You miss something. Something hits you but does no damage.
You hit something. Something hits you but does no damage.
You hit something but do no damage. Something hits you.
* * * LOW HITPOINT WARNING * * *
Unknown command.
You completely miss something. You headbutt something.
You hear some strange, mumbled words.
A magic dart appears from out of thin air!
The magic dart hits you!
* * * LOW HITPOINT WARNING * * *
You barely miss something.
You hear some strange, mumbled words.
A magic dart appears from out of thin air!
The magic dart hits you!
You die...

...........#..##..#
.......†..##........
#.........##...#.#..
#.........#...## ##.
###..#.......##
#.........####
#............?
##..../.)......
#.....)@{......
##.....).......
#..........##..
..#.#####.... . ..#.
...... . ...... .
<..... .....


There were no monsters in sight!

Vanquished Creatures
  An iguana (D:3)
  2 adders
  A worm (D:2)
  5 dart slugs
  5 orcs
  6 ball pythons
  An endoplasm (D:2)
  7 giant cockroaches
  8 hobgoblins
  2 quokkas (D:4)
  4 bats
  A frilled lizard (D:2)
  7 goblins
  4 kobolds
  5 rats
59 creatures vanquished.

Vanquished Creatures (others)
  A fungus (D:1)
  A plant (D:1)
2 creatures vanquished.

Grand Total: 61 creatures vanquished

Notes
Turn   | Place    | Note
-------+----------+-------------------------------------------
     0 | D:1      | DocClef the Minotaur Berserker began the quest for the Orb.
     0 | D:1      | Reached XP level 1. HP: 19/19 MP: 0/0
    82 | D:1      | Reached skill level 4 in Axes
   145 | D:1      | Reached XP level 2. HP: 26/26 MP: 1/1
   184 | D:1      | Found a faded altar of an unknown god.
   346 | D:1      | Reached ** piety under Trog
   347 | D:1      | Reached skill level 5 in Axes
   552 | D:1      | Reached XP level 3. HP: 28/31 MP: 2/2
  1724 | D:3      | Reached skill level 6 in Axes
  1724 | D:3      | Reached XP level 4. HP: 27/39 MP: 3/3
  1823 | D:3      | Found a shadowy altar of Dithmenos.
  2315 | D:4      | HP: 1/39 [something/magic dart (7)]
  2316 | D:4      | Killed from afar by an orc wizard

Illustrated notes

Levels and vault maps discovered:
D:1:      arrival_zaba_pyramid, layout_rooms,
          shapermc_ecumenical_altar_rom_forum
D:2:      minmay_chambers_of_ones, layout_basic
D:3:      layout_rooms, mainiacjoe_overflow_catwalk, minmay_misc_feat_pillars
D:4:      layout_cave_pools

Skill      XL: |  1  2  3 |
---------------+----------+-----
Axes           | 4 5 6 |  6.7
Fighting       | |  3.6
Armour         | |  2.4
Dodging        | |  2.1

Action                   |  1- 3 |  4- 6 || total
-------------------------+-------+-------++-------
Melee: Hand axe          |    98 |    48 ||   146
       Headbutt          |     8 |     6 ||    14
       Punch             |     1 |       ||     1
Armor: Plate armour      |    42 |     9 ||    51
       Animal skin       |     2 |       ||     2
       Leather armour    |       |     7 ||     7
Dodge: Dodged            |    43 |    11 ||    54
